 Dungeon Crawl Stone Soup version 0.26-a0-651-gb41185065b (webtiles) character file.

Game seed: 1458809255290141841

76 Flugslaktarn the Covered (level 4, 0/42 HPs)
             Began as a Deep Dwarf Fighter on Oct 7, 2020.
             Slain by an orc wizard
             ... wielding a +0 dagger
              (2 damage)
             ... on level 4 of the Dungeon.
             The game lasted 00:00:27 (344 turns).

Flugslaktarn the Covered (Deep Dwarf Fighter)        Turns: 344, Time: 00:00:27

Health: 0/42       AC:  7    Str: 19    XL:     4   Next: 12%
Magic:  3/3        EV:  7    Int:  9    God:
Gold:   12         SH:  9    Dex: 13    Spells: 3/3 levels left

rFire    . . .     SeeInvis .   a - +0 war axe
rCold    . . .     Faith    .   c - +0 kite shield
rNeg     . . .     Spirit   .   b - +0 scale mail
rPois    .         Reflect  .   (no helmet)
rElec    .         Harm     .   (no cloak)
rCorr    .         Rampage  .   (no gloves)
MR       .....                  (no boots)
Stlth    ..........             (no amulet)
HPRegen  0.00/turn              (no ring)
MPRegen  0.08/turn              (no ring)

@: non-regenerating
A: damage resistance, heal wounds, sense surroundings 1, no regeneration
a: Heal Wounds


You were on level 4 of the Dungeon.
You visited 1 branch of the dungeon, and saw 4 of its levels.

You collected 12 gold pieces.

Inventory:

Hand Weapons
 a - a +0 war axe (weapon)
Armour
 b - a +0 scale mail (worn)
 c - a +0 kite shield (worn)
Jewellery
 g - an uncursed ring of flight {unknown}
   (You found it on level 2 of the Dungeon)
Wands
 i - a wand of enslavement (12)
   (You found it on level 2 of the Dungeon)
Scrolls
 f - a scroll of teleportation {unknown}
Potions
 d - a potion of might
 e - a potion of berserk rage {unknown}
 h - a potion of heal wounds {unknown}


   Skills:
 * Level 3.4 Fighting
 * Level 3.3 Axes
 + Level 3.7 Armour
 + Level 3.7 Shields


You had 3 spell levels left.
You didn't know any spells.
Your spell library was empty.

Dungeon Overview and Level Annotations

Branches:
Dungeon (4/15)
 Temple: D:4-7

Altars:


Innate Abilities, Weirdness & Mutations

You are resistant to damage.
You can heal yourself by infusing magical energy.
You passively map a small area around you.
You do not regenerate.


Message History

You hear some strange, mumbled words.
Something tries to affect you, but you resist.
Something hits you but does no damage.
Your shield and scale mail prevent you from hitting something.
Something hits you but does no damage.
You barely miss something. You block something's attack.
You miss something.
You hear some strange, mumbled words.
A magic dart appears from out of thin air!
The magic dart hits you but does no damage.
You hear some strange, mumbled words.
Something tries to affect you, but you resist.
You barely miss something.
You hear some strange, mumbled words.
A puff of flame appears from out of thin air!
The puff of flame hits you!
* * * LOW HITPOINT WARNING * * *
You closely miss something. Something hits you but does no damage.
Something hits you.
You die...

### ####### ,
#..##.....## *
...........# * , ,
...........# , ,
.......<..##
..........##,,, ,
, .........{.# ,
+######..@## , , ,
*...#####'## , ..
..........##....
.......).........>
, ,
.......).).......
, *
...####...##.....,
, , , ,. *
#...#*..... ,
....#* ....* ,
...... ... ,


There were no monsters in sight!

Vanquished Creatures
  A hound (D:4)
  An orc priest (D:4)
  A worm (D:2)
  2 orcs (D:4)
  5 bats
  A goblin (D:2)
  A hobgoblin (D:1)
  2 kobolds (D:2)
  A leopard gecko skeleton (D:4)
  2 rats
17 creatures vanquished.

Notes
Turn   | Place    | Note
-------+----------+-------------------------------------------
     0 | D:1      | Flugslaktarn the Deep Dwarf Fighter began the quest for the
                  | Orb.
     0 | D:1      | Reached XP level 1. HP: 20/20 MP: 1/1
   205 | D:2      | Reached XP level 2. HP: 21/27 MP: 2/2
   301 | D:4      | Reached XP level 3. HP: 34/34 MP: 2/2
   325 | D:4      | Reached XP level 4. HP: 14/42 MP: 3/3
   343 | D:4      | HP: 2/42 [something/puff of flame (7)]
   344 | D:4      | Slain by an orc wizard

Illustrated notes

Levels and vault maps discovered:
D:1:      dpeg_arrival_oval, layout_basic
D:2:      layout_basic
D:3:      minmay_recursive_quarters, layout_loops_corners,
          overflow_temple_1_default
D:4:      layout_gridville, minmay_between

Skill      XL: |  1  2 |
---------------+-------+-----
Fighting       | 3 |  3.4
Axes           | 3 |  3.3
Armour         | |  3.7
Shields        | |  3.7

Action                   |  1- 3 |  4- 6 || total
-------------------------+-------+-------++-------
Melee: War axe           |    70 |    11 ||    81
 Abil: Heal Wounds       |     3 |       ||     3
Armor: Scale mail        |    59 |    11 ||    70
Dodge: Dodged            |    33 |       ||    33
Block: Kite shield       |    58 |     1 ||    59

Table legend: (Time is in decaauts)
 A = Elapsed time spent in this place.
 B = Non-inter-level travel time spent in this place.
 C = Inter-level travel time spent in this place.
 D = Time resting spent in this place.
 E = Time spent auto-exploring this place.
 F = Levels seen in this place.
 G = Mean time per level.
                   A        B        C        D        E       F      G
               +--------+--------+--------+--------+--------+-----+--------+
         Total |    377 |    352 |     25 |      0 |    161 |   4 |   94.2 |
       Dungeon |    377 |    352 |     25 |      0 |    161 |   4 |   94.2 |
               +--------+--------+--------+--------+--------+-----+--------+

Top non-repeatable levels by time:
     D:1: 164 daAuts
     D:2: 104 daAuts
     D:4: 83 daAuts
     D:3: 25 daAuts
